 Dungeon Crawl Stone Soup version 0.20.1-1-g8b1a95d (webtiles) character file.

4507 RedSatellite the Grappler (level 10, -25/88 HPs)
             Began as a Troll Monk on Nov 9, 2017.
             Was a High Priest of Qazlal.
             Annihilated by a two-headed ogre
             ... wielding a +0 giant spiked club
              (31 damage)
             ... on level 8 of the Dungeon.
             The game lasted 01:13:11 (7266 turns).

RedSatellite the Grappler (Troll Monk)              Turns: 7266, Time: 01:13:11

Health: -25/88     AC: 10    Str: 23    XL:     10   Next: 16%
Magic:  9/9        EV: 11    Int:  6    God:    Qazlal [*****.]
Gold:   317        SH:  6    Dex: 16    Spells: 9/9 levels left

rFire    + . .     SeeInvis .     - Unarmed
rCold    . . .     Gourm    +   (no shield)
rNeg     . . .     Faith    +   b - +0 robe {rC+}
rPois    .         Spirit   .   (helmet restricted)
rElec    .         Reflect  .   h - +1 cloak
rCorr    .         Harm     .   (gloves unavailable)
MR       .....                  (boots unavailable)
Stlth    +.........             u - amulet of faith
Regen    0.7/turn               x - +3 ring of dexterity
MPRegen  0.2/turn               n - ring of fire

@: protected from physical damage, flying, repel missiles
A: unfitting armour, claws 3, fast metabolism 3, gourmand, regeneration 1,
shaggy fur 1, tough skin 2
a: Upheaval, Elemental Force, Disaster Area, Renounce Religion


You were on level 8 of the Dungeon.
You worshipped Qazlal.
Qazlal was extremely pleased with you.
You were very hungry.

You visited 1 branch of the dungeon, and saw 9 of its levels.

You collected 317 gold pieces.

Inventory:

Hand Weapons
 j - a +2 whip of flaming
Missiles
 d - 70 bolts
 m - 47 poisoned needles (quivered)
Armour
 a - a +0 robe
 b - a +0 robe of cold resistance (worn)
 f - a +0 leather armour
 g - a cursed -2 ring mail
 h - a +1 cloak (worn)
 t - a +0 cloak
Jewellery
 n - a ring of fire (right claw)
 u - an amulet of faith (around neck)
 x - a +3 ring of dexterity (left claw)
 B - an uncursed ring of positive energy
Wands
 e - a wand of random effects (20/48)
 q - a wand of iceblast (10/15)
 y - a wand of flame (22/48)
 D - a wand of confusion (35/48)
Scrolls
 c - 3 scrolls of identify
 k - a scroll of magic mapping
 p - a scroll of holy word
 r - 5 scrolls of remove curse
Potions
 l - 2 potions of mutation
 v - 3 potions of curing
 w - a potion of degeneration
 A - a potion of lignification {unknown}
Comestibles
 i - 5 royal jellies
 s - 4 meat rations
 z - 2 bread rations


   Skills:
 - Level 2.4 Fighting
 - Level 2.5 Dodging
 - Level 1.0 Stealth
 * Level 14.4 Unarmed Combat


You had 9 spell levels left.
You didn't know any spells.

Dungeon Overview and Level Annotations

Branches:
Dungeon (9/15)               Lair (0/6) D:9
 Temple: D:4-7          Orc: D:9-12

Altars:
Elyvilon
Okawaru
Qazlal
Ru
Trog
Vehumet
Yredelemnul

Shops:
D:4 (   D:5 }*=?


Innate Abilities, Weirdness & Mutations

You are too large for most types of armour.
You have claws for hands.
Your metabolism is lightning-fast.
You like to eat raw meat.
Your natural rate of healing is unusually fast.
You are covered in fur. (AC +1)
You have very tough skin. (AC +2)


Message History

The two-headed ogre is heavily wounded.
The crimson imp blinks!
The two-headed ogre hits you with a giant spiked club!!
* * * LOW HITPOINT WARNING * * *
You feel more protected from physical attacks.
The two-headed ogre hits you with a dire flail!
* * * LOW HITPOINT WARNING * * *
You feel more protected from physical attacks.
The two-headed ogre hits you with a giant spiked club.
* * * LOW HITPOINT WARNING * * *
The two-headed ogre hits you with a dire flail.
* * * LOW HITPOINT WARNING * * *
You feel more protected from physical attacks.
You climb upwards.
There is a stone staircase leading down here.
It was a potion of flight.
You feel very buoyant.
You fly up into the air.
The two-headed ogre hits you with a giant spiked club!!
You die...

###.....##
##..####....#......... ........#
##..##............... ###.....#
##.................. ##.....#
##................. ##.....##
##................. #......#
##.................# .......##
##..§§.............## ........#
##...§§§..........###
.######.####....@O>...........##
## #.......§........####....## #
#####......§§...## ##....# ##
###.⌠##....#####.## ##....
.####...._#..#######.# ##...
...###..###.#####....# ##..
...#⌠.....#....[.....# ##.
#..###..###..........## #.
#..##....⌠#....#......## ##.


You could see a two-headed ogre.

Vanquished Creatures
  A two-headed ogre (D:9)
  Maurice (D:8)
  A hippogriff (D:9)
  A human (D:8)
  4 hogs (D:8)
  2 hell hounds (D:9)
  An ice beast (D:8)
  2 orc warriors
  2 phantoms
  7 ogres
  2 bullfrogs
  A big kobold (D:8)
  11 killer bees
  4 crimson imps
  A jelly (D:7)
  A bullfrog zombie (D:7)
  3 hounds
  2 orc wizards
  An orc priest (D:7)
  A bullfrog skeleton (D:8)
  2 worker ants (D:4)
  An iguana (D:4)
  A hound skeleton (D:8)
  6 gnolls
  8 adders
  An ooze (D:7)
  A worm (D:3)
  2 dart slugs
  2 leopard geckos
  20 orcs
  3 giant cockroaches
  7 goblins
  5 hobgoblins
  16 jackals
  10 kobolds
  A quokka (D:5)
  A ball python (D:3)
  5 bats
  5 frilled lizards
  A leopard gecko skeleton (D:4)
  8 rats
155 creatures vanquished.

Notes
Turn   | Place    | Note
-------+----------+-------------------------------------------
     0 | D:1      | RedSatellite the Troll Monk began the quest for the Orb.
     0 | D:1      | Reached XP level 1. HP: 22/22 MP: 0/0
   208 | D:1      | Reached XP level 2. HP: 29/29 MP: 1/1
   944 | D:2      | Reached skill level 4 in Unarmed Combat
   969 | D:2      | Reached XP level 3. HP: 33/36 MP: 2/2
  1013 | D:2      | Found a stormy altar of Qazlal.
  1023 | D:2      | Became a worshipper of Qazlal Stormbringer
  1023 | D:2      | Reached * piety under Qazlal
  1023 | D:2      | Reached ** piety under Qazlal
  1910 | D:3      | Noticed an ogre
  1916 | D:3      | Killed an ogre
  1916 | D:3      | Reached skill level 5 in Unarmed Combat
  1916 | D:3      | Reached XP level 4. HP: 44/44 MP: 3/3
  1933 | D:3      | Reached XP level 5. HP: 50/50 MP: 4/4
  2101 | D:3      | Found a basalt altar of Yredelemnul.
  2542 | D:4      | Reached skill level 6 in Unarmed Combat
  2691 | D:4      | Noticed an ogre
  2701 | D:4      | Killed an ogre
  2701 | D:4      | Reached XP level 6. HP: 35/59 MP: 5/5
  2708 | D:4      | Reached skill level 7 in Unarmed Combat
  2855 | D:4      | Found Picseudd's Weapon Emporium.
  2878 | D:4      | Reached *** piety under Qazlal
  2935 | D:4      | Found an iron altar of Okawaru.
  3185 | D:4      | Reached skill level 8 in Unarmed Combat
  3185 | D:4      | Reached XP level 7. HP: 66/66 MP: 6/6
  3352 | D:5      | Entered Level 5 of the Dungeon
  3710 | D:5      | Found Bur Men's Gadget Boutique.
  3763 | D:5      | Reached skill level 9 in Unarmed Combat
  3796 | D:5      | Found Gaufiosm's General Store.
  3834 | D:5      | Found Resoxab's Magic Scroll Shoppe.
  3898 | D:5      | Found Maasea's Jewellery Emporium.
  3973 | D:5      | Reached XP level 8. HP: 29/74 MP: 7/7
  4578 | D:5      | Reached skill level 10 in Unarmed Combat
  4951 | D:6      | You fall through a shaft!
  5034 | D:7      | Reached **** piety under Qazlal
  5074 | D:7      | Reached skill level 11 in Unarmed Combat
  5376 | D:7      | Found a sacrificial altar of Ru.
  5670 | D:8      | Reached XP level 9. HP: 80/80 MP: 8/8
  5811 | D:8      | Reached skill level 12 in Unarmed Combat
  5867 | D:8      | Noticed Maurice
  5932 | D:8      | Killed Maurice
  6014 | D:8      | Reached ***** piety under Qazlal
  6393 | D:8      | Found a bloodstained altar of Trog.
  6400 | D:8      | Found a radiant altar of Vehumet.
  6407 | D:8      | Found a white marble altar of Elyvilon.
  6435 | D:8      | Reached skill level 13 in Unarmed Combat
  7006 | D:9      | Noticed a two-headed ogre
  7022 | D:9      | Killed a two-headed ogre
  7022 | D:9      | Reached skill level 14 in Unarmed Combat
  7022 | D:9      | Reached XP level 10. HP: 78/88 MP: 9/9
  7027 | D:9      | Found a staircase to the Lair.
  7058 | D:9      | Noticed a two-headed ogre
  7262 | D:9      | HP: 3/88 [two-headed ogre/giant spiked club (6)]
  7266 | D:8      | Annihilated by a two-headed ogre

Skill      XL: |  1  2  3  4  5  6  7  8  9 |
---------------+----------------------------+-----
Unarmed Combat | 4 5 6 8 9 11 14 | 14.4
Fighting       | |  2.4
Dodging        | |  2.5
Stealth        | |  1.0

Action                   |  1- 3 |  4- 6 |  7- 9 | 10-12 || total
-------------------------+-------+-------+-------+-------++-------
Melee: Unarmed           |   107 |    86 |   198 |    14 ||   405
       Punch             |     3 |     3 |    12 |     1 ||    19
  Use: Scroll            |       |     6 |     5 |     1 ||    12
       Potion            |       |       |     4 |     2 ||     6
 Stab: Sleeping          |     1 |       |       |       ||     1
  Eat: Chunk             |     8 |     5 |     7 |       ||    20
       Meat ration       |     1 |       |     3 |       ||     4
       Royal jelly       |     1 |       |     1 |       ||     2
       Bread ration      |       |     2 |     2 |       ||     4
Armor: Robe              |    38 |    20 |    33 |     7 ||    98
       Skin              |       |     3 |       |       ||     3
Dodge: Dodged            |    62 |    39 |   113 |    11 ||   225
Block: Other             |     6 |     3 |    45 |     5 ||    59
